 Dungeon Crawl Stone Soup version 0.30-a0-55-g90e3122c3a (webtiles) character file.

Game seed: 8232298702600872349

148631 LnG the Severer (level 17, 0/235 HPs)
             Began as a Hill Orc Fighter on Sept 8, 2022.
             Was a Believer of Uskayaw.
             Slain by a merfolk impaler
             ... wielding a +1 demon trident of freezing
              (1 damage)
             ... on level 3 of the Shoals on Sept 9, 2022.
             The game lasted 02:23:37 (44965 turns).

LnG the Severer (Hill Orc Fighter)                 Turns: 44965, Time: 02:23:38

Health: 0/235      AC: 26    Str: 33    XL:     17   Next: 49%
Magic:  0/17       EV: 14    Int:  4    God:    Uskayaw [**....]
Gold:   1667       SH:  8    Dex: 10    Spells: 16/16 levels left

rFire   + . .      SeeInvis +    X - +13 lance "Wyrmbane" {slay drac, rPois rF+ rC+ AC+3}
rCold   + . .      Faith    .    c - +2 buckler
rNeg    . . .      Spirit   +    l - +5 ring mail {Will+}
rPois   +          Reflect  .    O - +2 helmet
rElec   +          Harm     .    V - +2 cloak {Stlth+}
rCorr   .          Rampage  .    (no gloves)
Will    ++...                    R - +2 pair of boots
Stlth   ..........               r - amulet "Dastrot" {Spirit rElec Int-4 SInv}
HPRegen 0.49/turn                e - ring of flight
MPRegen 0.15/turn                H - +6 ring of strength

@: berserking, marked, flying, very quick
A: no striking features
a: Renounce Religion, Stomp, Line Pass


You were on level 3 of the Shoals.
You worshipped Uskayaw.
Uskayaw was noncommittal.
You visited 5 branches of the dungeon, and saw 26 of its levels.
You also visited: Bailey.

You collected 1907 gold pieces.
You spent 240 gold pieces at shops.

Inventory:

Hand Weapons
 a - a +3 vorpal war axe
 X - the +13 lance "Wyrmbane" (weapon) {slay drac, rPois rF+ rC+ AC+3}
   (You found it on level 5 of the Lair of Beasts)

   It inflicts extra damage against dragons and draconians.
   AC:        It affects your AC (+3).
   rF:        It protects you from fire.
   rC:        It protects you from cold.
   rPois:     It protects you from poison.
Missiles
 b - 3 throwing nets
 o - 3 silver boomerangs
 y - 16 boomerangs (quivered)
Armour
 c - a +2 buckler (worn)
 l - a +5 ring mail of willpower (worn)
 O - a +2 helmet (worn)
 R - a +2 pair of boots (worn)
 V - a +2 cloak of stealth (worn)
Jewellery
 e - a ring of flight (left hand)
 q - a +6 ring of dexterity
 r - the amulet "Dastrot" (around neck) {Spirit rElec Int-4 SInv}
   (You acquired it on level 4 of the Lair of Beasts)

   [amulet of guardian spirit]

   It causes incoming damage to be divided between your reserves of health and
   magic.
   Int:       It affects your intelligence (-4).
   rElec:     It insulates you from electricity.
   SInv:      It lets you see invisible.
 v - a +4 ring of evasion
 H - a +6 ring of strength (right hand)
 I - a ring of wizardry
 P - a ring of magical power
 Y - a ring of see invisible
Wands
 f - a wand of polymorph (7)
 s - a wand of mindburst (23)
 t - a wand of flame (28)
 x - a wand of light (38)
 B - a wand of digging (8)
 E - a wand of paralysis (15)
 G - a wand of iceblast (17)
Scrolls
 n - 2 scrolls of poison
 z - 5 scrolls of fog
 A - a scroll of amnesia
 F - 11 scrolls of teleportation
 K - 6 scrolls of immolation
 M - 4 scrolls of vulnerability
 N - 4 scrolls of torment
 U - a scroll of silence
 W - 2 scrolls of fear
 Z - a scroll of identify
Potions
 d - 10 potions of ambrosia
 g - 2 potions of berserk rage
 h - 9 potions of mutation
 i - 5 potions of attraction
 k - 4 potions of magic
 m - 8 potions of lignification
 p - 3 potions of curing
 u - 2 potions of flight
 C - 6 potions of brilliance
 L - 5 potions of might
 S - 4 potions of invisibility
 T - 4 potions of haste
Miscellaneous
 D - a piece from Xom's chessboard (15/15)
 J - a condenser vane
 Q - a lightning rod (4/4)


   Skills:
 + Level 15.7 Fighting
 + Level 17.8(19.7) Axes
 + Level 12.2(15.4) Polearms
 + Level 6.2 Throwing
 + Level 12.0 Armour
 + Level 8.9 Dodging
 + Level 11.6 Stealth
 + Level 11.4 Shields
 + Level 3.3 Evocations


You had 16 spell levels left.
You didn't know any spells.
Your spell library contained the following spells:

 Spells                   Type           Power      Damage    Failure   Level
 Apportation              Tloc           0%         N/A       65%         1
 Beastly Appendage        Tmut           0%         N/A       65%         1
 Magic Dart               Conj           0%         1d3       65%         1
 Necrotise                Necr           0%         1d4       65%         1
 Sandblast                Erth           0%         2d4       65%         1
 Sting                    Tmut/Pois      0%         1d3       65%         1
 Summon Small Mammal      Summ           0%         N/A       65%         1
 Ensorcelled Hibernation  Hex/Ice        0%         N/A       78%         2
 Passwall                 Tmut/Erth      0%         N/A       78%         2
 Searing Ray              Conj           0%         2d4       78%         2
 Wereblood                Tmut           0%         N/A       78%         2
 Conjure Flame            Conj/Fire      0%         6-21      95%         3
 Frozen Ramparts          Ice            0%         1d1       95%         3
 Ignite Poison            Fire/Tmut/Pois 0%         N/A       95%         3
 Spider Form              Tmut/Pois      0%         N/A       95%         3
 Stone Arrow              Conj/Erth      0%         3d7       95%         3
 Swiftness                Air            0%         N/A       95%         3
 Vampiric Draining        Necr           0%         2d6       95%         3
 Airstrike                Air            0%         2d(0-16)  100%        4
 Fulminant Prism          Conj/Hex       0%         3d6       100%        4
 Ice Form                 Ice/Tmut       0%         N/A       100%        4
 Leda's Liquefaction      Hex/Erth       0%         N/A       100%        4
 Sticky Flame             Conj/Fire      0%         2d3       100%        4
 Summon Ice Beast         Ice/Summ       0%         N/A       100%        4
 Summon Lightning Spire   Summ/Air       0%         N/A       100%        4
 Agony                    Necr           0%         N/A       100%        5
 Alistair's Intoxication  Tmut/Pois      0%         N/A       100%        5
 Lee's Rapid Deconstruct  Erth           0%         3d5*      100%        5
 Lightning Bolt           Conj/Air       0%         1d11      100%        5
 Statue Form              Tmut/Erth      0%         N/A       100%        6


Dungeon Overview and Level Annotations

Branches:
Dungeon (15/15)            Temple (1/1) D:7            Lair (5/5) D:11
 Shoals (4/4) Lair:2        Snake (0/4) Lair:3        Slime (0/5) Lair:5
    Orc (0/2) D:11         Vaults (0/5) D:13         Depths (1/4) D:15
 Bailey (visited)

Altars:
Ashenzari
Cheibriados
Dithmenos
Fedhas
Gozag
Hepliaklqana
Nemelex Xobeh
Okawaru
Qazlal
Ru
Sif Muna
Trog
Uskayaw
Vehumet
Xom
Yredelemnul
Zin
The Shining One
Jiyva

Shops:
D:1 *   D:6 **   D:10 !   Depths:1 *

Portals:
Hell: Depths:1

Annotations:
D:7 2 transporters, gregwegmann's ghost, novice SpHu
D:9 Joseph
D:12 1 runed translucent door, HuGe's ghost, journeyman MiBe
D:13 1 runed translucent door, logorrheac's ghost, journeyman GnWn


Message History

You gasp with relief as air once again reaches your lungs.
The merfolk impaler hits you but does no damage.
You puncture the merfolk impaler!
The merfolk impaler is lightly wounded.
You block the merfolk impaler's attack.
You can now pass through a line of other dancers.
You miss the merfolk impaler.
The merfolk impaler is lightly wounded.
You block the merfolk impaler's attack.
You impale the merfolk impaler!!
The merfolk impaler is heavily wounded.
You block the merfolk impaler's attack.
You miss the merfolk impaler.
The merfolk impaler is heavily wounded.
The merfolk impaler hits you with a +1 demon trident of freezing!
* * * LOW HITPOINT WARNING * * *
The merfolk impaler freezes you.
* * * LOW HITPOINT WARNING * * *
You feel much better.
The merfolk impaler hits you but does no damage.
You barely miss the merfolk impaler.
The merfolk impaler is heavily wounded.
The merfolk impaler closely misses you.
You puncture the merfolk impaler!
The merfolk impaler is severely wounded.
The merfolk impaler hits you with a +1 demon trident of freezing.
* * * LOW HITPOINT WARNING * * *
You hit the merfolk impaler.
The merfolk impaler is severely wounded.
The merfolk impaler hits you with a +1 demon trident of freezing!
* * * LOW HITPOINT WARNING * * *
A red film seems to cover your vision as you go berserk!
You feel yourself moving faster!
You feel mighty! The merfolk impaler barely misses you.
You completely miss the merfolk impaler.
The merfolk impaler is severely wounded.
The merfolk impaler hits you with a +1 demon trident of freezing!
* * * LOW HITPOINT WARNING * * *
The merfolk impaler freezes you.
You die...

....~~......~~~~≈≈≈≈≈≈≈~~....~~~~
≈≈≈~~.~~....~~~≈≈≈≈≈≈~~~~......~.
~≈≈~.~~.......~~≈≈≈≈≈~.~~~...~~~~
~~~.....~.....~~≈≈≈≈≈~~~P~~~~~~P~
.~.....~~~....~~~~~~~≈~~~~~~~~~~~
~~~~~~.~≈..~≈~~.~~~~~~~~~P~~~~~P~
#.~..~..~..~~~~..~~.)~~≈~PP~~~~~~
#.......~~~~~.....~..~~P≈~P~~~~~~
##..~..~~.......@[...~~~≈≈≈≈≈≈~~.
##..~~......##.m.#..~~~~≈≈P~~~~..
.....~~...~>..#..#<~~~≈≈≈≈~~~~..#
..........~~......)~~~~≈≈~~~~.###
...!...).~~~......~~~..~~~~~~.# #
..###..~~~~~~......~~~.~~~~~~.###
..# ##..~~~~~.....~~~~(.~~~~~..##
..# #...~~~~.......~~~~~~~~~.....
~.##....~)~..##....~~...~~...##..


You could see a merfolk impaler.

Vanquished Creatures
  2 sphinxes (Depths:1)
  Gastronok (D:9)
  Polyphemus (Shoals:3)
  Kirke (Lair:4)
  2 fire giants
  A caustic shrike skeleton (Depths:1)
  7 very ugly things (Depths:1)
  A stone giant (D:15)
  Nessos (Lair:4)
  Snorg (Lair:5)
  2 pearl dragon zombies (Depths:1)
  An ettin (D:15)
  3 merfolk javelineers
  2 fire dragons (Depths:1)
  A quicksilver dragon zombie (Depths:1)
  A merfolk impaler (Shoals:3)
  An ice dragon (Depths:1)
  5 hydras
  2 rakshasas (Depths:1)
  A catoblepas (Shoals:2)
  2 boulder beetles
  An alligator snapping turtle (Shoals:2)
  2 two-headed ogres
  2 merfolk avatars
  A death knight (Depths:1)
  A merfolk aquamancer (Shoals:1)
  6 centaur warriors
  A deep troll shaman (D:15)
  3 hell hogs (Depths:1)
  4 death yaks
  2 deep troll earth magi (Depths:1)
  9 hell knights (Depths:1)
  3 skeletal warriors (D:14)
  A sea snake (shapeshifter) (D:13)
  2 swamp dragons (Lair:2)
  4 sea snakes
  13 harpies
  5 deep trolls (D:15)
  3 necromancers (Depths:1)
  A deep elf pyromancer (D:12)
  2 wizards (D:15)
  An orc knight (D:15)
  7 fauns
  12 ugly things
  5 cyclopes
  18 manticores
  15 elephants
  4 merfolk sirens
  A black mamba (Lair:3)
  7 water nymphs
  17 cane toads
  4 gargoyles
  4 apis skeletons (Depths:1)
  2 unseen horrors
  An unseen horror (shapeshifter) (D:14)
  7 rime drakes (Lair:3)
  10 komodo dragons
  A freezing wraith (D:15)
  A tengu conjurer (Depths:1)
  3 harpy zombies (Shoals:2)
  7 polar bears
  9 wind drakes
  5 hornets
  A merfolk (shapeshifter) (D:15)
  2 trolls (D:10)
  19 merfolk
  A queen bee (Lair:1)
  Grinder (D:3)
  A tarantella (shapeshifter) (D:15)
  8 slime creatures (D:13)
  10 dream sheep (Lair:5)
  14 blink frogs
  4 snapping turtles
  A stone giant simulacrum (Depths:1)
  A centaur simulacrum (D:14)
  Sigmund (D:4)
  2 air elementals (Shoals:4)
  2 jumping spiders (shapeshifter)
  12 spriggans (Lair:5)
  A spriggan skeleton (Depths:1)
  3 shadows
  6 water elementals
  A wraith (D:10)
  12 basilisks
  49 yaks
  A golden eye (shapeshifter) (D:13)
  3 hogs (Lair:4)
  13 wyverns
  2 steam dragons
  6 vampire mosquitoes
  A warg (D:15)
  3 nagas (Lair:3)
  6 water moccasins
  A hell hound (Lair:3)
  Duvessa (D:4)
  2 acid dragons (D:12)
  Pargi (D:4)
  An ice beast (D:3)
  4 orc warriors
  5 black bears
  3 sky beasts (D:7)
  An ogre (D:4)
  18 wolves (Lair:5)
  6 centaurs
  7 boggarts
  A phantom (D:5)
  4 kobold brigands
  14 bullfrogs
  4 scorpions
  2 necrophages (D:5)
  Dowan (D:4)
  A floating eye simulacrum (Depths:1)
  27 killer bees
  2 electric eels
  2 howler monkeys
  10 hounds
  14 jellies
  5 orc priests
  Jessica (D:3)
  Terence (D:3)
  8 hell rats (Lair:3)
  7 iguanas
  14 orc wizards
  9 adders
  6 gnolls
  9 river rats (Lair:3)
  A white imp (D:5)
  5 worms
  5 dart slugs
  45 orcs
  A bat zombie (Shoals:2)
  5 endoplasms
  6 giant cockroaches
  10 goblins
  11 hobgoblins
  2 jackals (D:1)
  3 quokkas
  7 ball pythons
  5 bats
  3 frilled lizards
  15 kobolds
  5 rats
754 creatures vanquished.

Vanquished Creatures (collateral kills)
  A two-headed ogre (D:11)
  A hydra (D:11)
2 creatures vanquished.

Vanquished Creatures (others)
  A wyvern (Lair:3)
  A human (Lair:4)
  An orc wizard (D:10)
  A bush (Lair:5)
  34 fungi
  84 plants
122 creatures vanquished.

Grand Total: 878 creatures vanquished

Notes
Turn   | Place    | Note
-------+----------+-------------------------------------------
     0 | D:1      | LnG the Hill Orc Fighter began the quest for the Orb.
     0 | D:1      | Reached XP level 1. HP: 19/19 MP: 1/1
   292 | D:1      | Found Milles's General Store.
   300 | D:1      | Reached skill level 3 in Axes
   301 | D:1      | Reached XP level 2. HP: 18/27 MP: 2/2
   753 | D:2      | Reached XP level 3. HP: 17/33 MP: 3/3
   982 | D:2      | You are sucked into a shaft and drop 1 floor!
  1007 | D:3      | Noticed Grinder
  1008 | D:3      | Noticed Jessica
  1406 | D:2      | Reached skill level 4 in Axes
  1406 | D:2      | Reached XP level 4. HP: 40/40 MP: 4/4
  1762 | D:2      | Found a faded altar of an unknown god.
  1771 | D:2      | Got Plato's Compilation of Transmutation
  2012 | D:3      | Reached XP level 5. HP: 46/46 MP: 5/5
  2023 | D:3      | Killed Jessica
  2024 | D:3      | Reached skill level 5 in Axes
  2102 | D:3      | Noticed an ice beast
  2160 | D:3      | Killed an ice beast
  2161 | D:3      | Reached XP level 6. HP: 25/53 MP: 6/6
  2483 | D:3      | Reached skill level 6 in Axes
  2526 | D:3      | Found a shadowy altar of Dithmenos.
  2574 | D:3      | Killed Grinder
  2575 | D:3      | Reached skill level 7 in Axes
  2575 | D:3      | Reached skill level 1 in Dodging
  2575 | D:3      | Reached XP level 7. HP: 28/60 MP: 7/7
  2934 | D:3      | Noticed Terence
  2951 | D:3      | Killed Terence
  3829 | D:4      | Noticed Sigmund
  3842 | D:4      | Killed Sigmund
  3843 | D:4      | Reached skill level 5 in Fighting
  3843 | D:4      | Reached skill level 8 in Axes
  3843 | D:4      | Reached skill level 5 in Armour
  3982 | D:4      | Reached skill level 1 in Stealth
  4136 | D:4      | Reached XP level 8. HP: 68/68 MP: 8/8
  4284 | D:4      | Noticed Duvessa
  4285 | D:4      | Noticed Pargi
  4304 | D:4      | Noticed Dowan
  4307 | D:4      | Killed Pargi
  4314 | D:4      | Killed Duvessa
  4316 | D:4      | Killed Dowan
  4317 | D:4      | Reached skill level 9 in Axes
  4748 | D:5      | Entered Level 5 of the Dungeon
  4925 | D:5      | Reached skill level 5 in Shields
  4952 | D:5      | Reached skill level 10 in Axes
  5083 | D:5      | Reached XP level 9. HP: 77/78 MP: 9/9
  6137 | D:5      | Reached skill level 11 in Axes
  6309 | D:6      | Found Cunopn's Overcharged Wands.
  6690 | D:6      | Found Kajeoceusch's Fire Supplies.
  7429 | D:7      | Found a flagged portal.
  7441 | D:7      | Reached skill level 12 in Axes
  7453 | Bailey   | Entered a bailey
  7474 | Bailey   | Noticed an orc warlord
  7815 | Bailey   | Reached XP level 10. HP: 77/88 MP: 10/10
  7861 | Bailey   | Found a runed translucent gate.
  7861 | Bailey   | Found a runed translucent gate.
  7869 | Bailey   | Found a runed translucent gate.
  8645 | D:7      | Noticed a kobold demonologist
  8648 | D:7      | Noticed gregwegmann's ghost (novice SpHu)
  8655 | D:7      | Found a transporter.
  8674 | D:7      | Found a hide-covered altar of Uskayaw.
  8679 | D:7      | Became a worshipper of Uskayaw the Reveller
  8699 | D:7      | Reached * piety under Uskayaw
  8719 | D:7      | Found a transporter.
  8863 | D:7      | Reached skill level 13 in Axes
  8863 | D:7      | Reached XP level 11. HP: 95/95 MP: 11/11
  9151 | D:7      | Reached ** piety under Uskayaw
  9255 | D:7      | Found a staircase to the Ecumenical Temple.
  9264 | Temple   | Entered the Ecumenical Temple
  9820 | D:8      | Noticed a two-headed ogre
 10032 | D:8      | Reached *** piety under Uskayaw
 10540 | D:9      | Noticed Gastronok
 10553 | D:9      | Reached **** piety under Uskayaw
 10554 | D:9      | Killed Gastronok
 10728 | D:9      | Noticed Joseph
 10797 | D:9      | Paralysed by a hornet for 2 turns
 11036 | D:10     | Entered Level 10 of the Dungeon
 11490 | D:10     | Reached skill level 14 in Axes
 11931 | D:10     | Noticed a cyclops
 11946 | D:10     | Killed a cyclops
 12119 | D:10     | Found Nupau's Distillery.
 12474 | D:10     | Reached ***** piety under Uskayaw
 12482 | D:10     | Found a shimmering altar of Xom.
 12740 | D:10     | Bought a potion of might for 60 gold pieces
 12740 | D:10     | Bought a potion of flight for 45 gold pieces
 12740 | D:10     | Bought a potion of curing for 45 gold pieces
 12740 | D:10     | Bought a potion of attraction for 45 gold pieces
 12740 | D:10     | Bought a potion of curing for 45 gold pieces
 13192 | D:11     | Noticed a cyclops
 13203 | D:11     | Killed a cyclops
 13511 | D:11     | Found a staircase to the Lair.
 13536 | D:11     | Reached XP level 12. HP: 90/105 MP: 12/12
 13727 | D:11     | Reached skill level 5 in Stealth
 13989 | D:11     | Noticed a five-headed hydra
 14084 | D:11     | Reached skill level 15 in Axes
 14129 | D:11     | Killed a five-headed hydra
 14296 | D:11     | Noticed a two-headed ogre
 14311 | D:11     | Killed a two-headed ogre
 14312 | D:11     | Upgraded the game from 0.30-a0-54-g2e61a25929 to
                  | 0.30-a0-55-g90e3122c3a
 14620 | D:11     | Found a staircase to the Orcish Mines.
 14690 | D:11     | Reached skill level 10 in Fighting
 14823 | D:11     | Noticed a two-headed ogre
 14829 | D:11     | Killed a two-headed ogre
 15447 | D:12     | Reached skill level 5 in Dodging
 15621 | D:12     | Noticed a seven-headed hydra
 15642 | D:12     | Killed a 13-headed hydra
 16011 | D:12     | Reached skill level 16 in Axes
 16035 | D:12     | Found a runed translucent door.
 16035 | D:12     | Noticed HuGe's ghost (journeyman MiBe)
 16220 | D:12     | Noticed a seven-headed hydra
 16228 | D:12     | Noticed a two-headed ogre
 16247 | D:12     | Killed a 12-headed hydra
 16445 | D:12     | Killed a two-headed ogre
 16789 | D:12     | Found a glowing golden altar of the Shining One.
 17094 | D:13     | Found a runed translucent door.
 17094 | D:13     | Noticed logorrheac's ghost (journeyman GnWn)
 17236 | D:13     | Noticed a shock serpent
 17360 | D:13     | Reached XP level 13. HP: 76/114 MP: 13/13
 17367 | D:13     | Reached skill level 10 in Armour
 18054 | D:14     | Reached ****** piety under Uskayaw
 19017 | D:14     | Identified the +0 ring mail of Qolusy {Contam rElec rC+
                  | Str+3}
 19090 | D:14     | HP: 2/116 [skeletal warrior/+0 halberd (22)]
 19877 | Lair:1   | Entered Level 1 of the Lair of Beasts
 21895 | Lair:2   | Found a transporter.
 21914 | Lair:2   | Reached skill level 5 in Throwing
 22385 | Lair:2   | Found a transporter.
 22440 | Lair:2   | Found a staircase to the Shoals.
 23305 | Lair:3   | You are sucked into a shaft and drop 2 floors!
 23305 | Lair:5   | Entered Level 5 of the Lair of Beasts
 23305 | Lair:5   | Noticed Snorg
 23329 | Lair:5   | Killed Snorg
 23330 | Lair:5   | Reached skill level 17 in Axes
 23330 | Lair:5   | Reached XP level 14. HP: 118/127 MP: 14/14
 25797 | Lair:3   | Found a staircase to the Snake Pit.
 26572 | Lair:4   | Noticed Nessos
 27016 | Lair:4   | Identified a scroll of acquirement
 27017 | Lair:4   | Acquired the amulet "Dastrot" {Spirit rElec Int-4 SInv}
 27182 | Lair:4   | Noticed Kirke
 27191 | Lair:4   | Killed Kirke
 27297 | Lair:4   | Killed Nessos
 28665 | Lair:5   | Reached skill level 10 in Shields
 28924 | Lair:5   | Found the +8 lance "Wyrmbane" {slay drac, rPois rF+ rC+
                  | AC+3}
 29079 | Lair:5   | Reached skill level 1 in Polearms
 29166 | Lair:5   | Reached XP level 15. HP: 74/136 MP: 15/15
 29546 | Lair:5   | HP: 5/136 [spriggan rider/+0 spear (15)]
 30063 | Lair:5   | Found a staircase to the Slime Pits.
 30073 | Lair:5   | Found a viscous altar of Jiyva.
 30323 | Lair:5   | Identified the +10 quarterstaff of Immorality {vorpal,
                  | rElec Str+4 Stlth+}
 31384 | Lair:3   | Reached skill level 5 in Polearms
 32370 | D:13     | Found a gate to the Vaults.
 33410 | D:15     | Entered Level 15 of the Dungeon
 35056 | D:15     | Found a staircase to the Depths.
 35881 | Depths:1 | Entered Level 1 of the Depths
 36136 | Depths:1 | Noticed a fire giant
 36303 | Depths:1 | Killed a fire giant
 36304 | Depths:1 | Reached skill level 10 in Stealth
 36661 | Depths:1 | Found a gateway to Hell.
 36797 | Depths:1 | Found Naucak's Changing Room.
 36911 | Depths:1 | Noticed a fire giant
 36925 | Depths:1 | Reached XP level 16. HP: 86/146 MP: 9/16
 38102 | Depths:1 | Noticed a sphinx
 38108 | Depths:1 | Paralysed by a sphinx for 3 turns
 38120 | Depths:1 | Killed a sphinx
 38668 | Depths:1 | Reached skill level 10 in Polearms
 39676 | Depths:1 | Found a basalt altar of Yredelemnul.
 39681 | Depths:1 | Noticed a profane servitor
 39822 | Depths:1 | Noticed a sphinx
 39831 | Depths:1 | Killed a sphinx
 40550 | Shoals:1 | Entered Level 1 of the Shoals
 41036 | Shoals:1 | Reached skill level 15 in Fighting
 41468 | Shoals:1 | Found Lis Kish's CLEARANCE SALE!.
 42199 | Shoals:2 | Reached XP level 17. HP: 133/156 MP: 13/17
 42968 | Shoals:2 | Identified the +2 robe of Essuil {-Tele rN+ Dex+4 Archmagi}
 43118 | Shoals:2 | Noticed a kraken
 43395 | Shoals:3 | Noticed Polyphemus
 43831 | Shoals:3 | Killed Polyphemus
 44703 | Shoals:4 | Entered Level 4 of the Shoals
 44703 | Shoals:4 | Found a shadowy altar of Dithmenos.
 44922 | Shoals:4 | Paralysed by an air elemental for 1 turns
 44963 | Shoals:3 | HP: 5/157 [merfolk impaler/+1 demon trident of freezing
                  | (17)]
 44965 | Shoals:3 | HP: 1/235 [merfolk impaler/+1 demon trident of freezing
                  | (8)]
 44965 | Shoals:3 | Slain by a merfolk impaler

Illustrated notes

Levels and vault maps discovered:
D:1:      grunt_arrival_lava_bath, layout_rooms, serial_shops,
          nicolae_shop_advertising_works [nicolae_subvault_shop_adworks]
D:2:      layout_loops_ring, shapermc_ecumenical_altar_rom_forum,
          minmay_fractal_squares_gapless_5
D:3:      layout_basic, nicolae_dithmenos_through_a_glass_darkly, uniq_grinder,
          uniq_terence, uniq_jessica
D:4:      layout_loops_corners, palyth_stone_intersect, uniq_sigmund,
          uniq_pargi, uniq_duvessa
D:5:      minmay_chambers_of_threes, layout_basic, portal_sewer_entry_e,
          minmay_fractal_squares_5
D:6:      layout_cave_pools, nicolae_shop_fire_sale [nicolae_sub_dead_trees],
          nicolae_shop_overcharged_wands
D:7:      layout_basic, eat_drink_and_be_merry_uskayaw, temple_fountains,
          enter_bailey_3, gammafunk_ghost_arena
D:8:      layout_basic, minmay_overflow_temple_star_quad, st_stairs_14
D:9:      layout_roguey, kiku_gazebo_pond_becter, kennysheep_kite_vault,
          uniq_joseph, uniq_gastronok, uniq_amaemon
D:10:     layout_long_grid, xom_confusion_cloud, serial_shops,
          nicolae_shop_waterfront
D:11:     layout_roguey, david_lair_generic, orc_0_dummy, serial_park_tiny_1
D:12:     layout_rooms, gammafunk_ghost_grave, tso_altar
D:13:     layout_small_grid, david_vaults_2, gammafunk_ghost_grave
D:14:     layout_irregular_city, nicolae_benzene_ring
D:15:     hangedman_depths_entry_civil_slaughter, layout_basic,
          nrook_mini_vaults
Temple:   minmay_freezing_vapour_temple
Lair:1:   layout_hall_layers, special_room [special_room_bee],
          infiniplex_staircase_pool, grunt_megastairs_5
Lair:2:   gammafunk_cloud_chamber, layout_gridlike, minmay_shoals_entry_beasts,
          beast_lair_carwin_7
Lair:3:   layout_cave_pods, minmay_snake_entry_guardpost_small, special_room
          [special_room_mythical_zoo], kennysheep_rathole,
          infiniplex_staircase_pool_2
Lair:4:   layout_layer_cave, grunt_megastairs_2, uniq_kirke, uniq_nessos
Lair:5:   minmay_lair_end_enchanted_forest, layout_regular_city,
          minmay_slime_entry_jelly_boxes, serial_bayou_shore_a, uniq_snorg
Shoals:1: layout_shoals, nicolae_shop_clearance
Shoals:2: layout_shoals, nicolae_shoals_undead_eyrie
Shoals:3: layout_shoals, uniq_polyphemus
Shoals:4: shoals_end_hellmonk_storm_palace [storm_palace_center_circular,
          storm_palace_corner_reverse_hut, storm_palace_corner_altar,
          storm_palace_corner_narrow, storm_palace_corner_grid]
Depths:1: layout_small_grid, grunt_metal_band, minmay_misc_feat_tiny,
          minmay_misc_feat_chi, nrook_campfire, nicolae_transmutations_shop,
          hangedman_blasphemy

Skill      XL: |  1  2  3  4  5  6  7  8  9 10 11 12 13 14 15 16 17 |
---------------+----------------------------------------------------+-----
Axes           | 3 4 5 7 8 10 12 13 14 16 17 | 17.8
Fighting       | 4 5 6 7 8 9 10 12 13 14 15 | 15.7
Armour         | 4 5 6 8 9 10 11 12 | 12.0
Dodging        | 1 2 3 4 5 6 7 8 |  8.9
Shields        | 4 5 6 7 8 9 10 11 | 11.4
Stealth        | 1 3 4 6 7 9 10 11 | 11.6
Throwing       | 3 4 5 6 |  6.2
Evocations     | 3 |  3.3
Polearms       | 3 8 11 12 | 12.2

Action                   |  1- 3 |  4- 6 |  7- 9 | 10-12 | 13-15 | 16-18 || total
-------------------------+-------+-------+-------+-------+-------+-------++-------
Melee: War axe           |    65 |    86 |   438 |   440 |   625 |       ||  1654
       Lance             |       |       |       |       |   732 |   838 ||  1570
Throw: Boomerang         |       |       |       |   111 |    54 |    47 ||   212
       Throwing net      |       |       |       |     1 |       |       ||     1
Evoke: Wand              |       |       |       |     1 |       |       ||     1
       Piece from Xom's  |       |       |       |     2 |       |       ||     2
       Lightning rod     |       |       |       |       |     4 |       ||     4
  Use: Scroll            |     1 |     3 |     9 |    12 |    23 |     6 ||    54
       Potion            |       |       |     2 |     1 |    16 |     7 ||    26
 Stab: Paralysed         |       |       |       |    21 |   104 |    48 ||   173
       Sleeping          |       |       |       |     3 |    18 |    10 ||    31
       Distracted        |       |       |       |       |     2 |     3 ||     5
Armor: Scale mail        |    40 |       |       |       |       |       ||    40
       Ring mail         |     2 |    37 |   213 |   157 |   565 |   267 ||  1241
Dodge: Dodged            |    49 |    34 |   173 |   217 |   582 |   230 ||  1285
Block: Buckler           |    11 |    12 |    96 |   137 |   350 |   183 ||   789

Table legend: (Time is in decaauts)
 A = Elapsed time spent in this place.
 B = Non-inter-level travel time spent in this place.
 C = Inter-level travel time spent in this place.
 D = Time resting spent in this place.
 E = Time spent auto-exploring this place.
 F = Levels seen in this place.
 G = Mean time per level.
                   A        B        C        D        E       F      G
               +--------+--------+--------+--------+--------+-----+--------+
         Total |  44156 |  42021 |   2135 |  19573 |   8149 |  27 | 1635.4 |
       Dungeon |  24339 |  22971 |   1368 |  10616 |   5001 |  15 | 1622.6 |
        Temple |     15 |     11 |      4 |      0 |     10 |   1 |   15.0 |
          Lair |  12162 |  11435 |    727 |   5436 |   2189 |   5 | 2432.4 |
        Shoals |   4168 |   4132 |     36 |   1842 |    949 |   4 | 1042.0 |
        Depths |   2322 |   2322 |      0 |   1183 |      0 |   1 | 2322.0 |
        Bailey |   1148 |   1148 |      0 |    496 |      0 |   1 | 1148.0 |
               +--------+--------+--------+--------+--------+-----+--------+

Top non-repeatable levels by time:
    D:15: 3688 daAuts
  Lair:2: 3112 daAuts
    D:14: 2976 daAuts
  Lair:5: 2518 daAuts
    D:11: 2472 daAuts
  Lair:4: 2438 daAuts
Depths:1: 2322 daAuts
    D:10: 2130 daAuts
  Lair:1: 2090 daAuts
  Lair:3: 2001 daAuts
    D:13: 1812 daAuts
     D:4: 1791 daAuts
Shoals:1: 1643 daAuts
     D:2: 1365 daAuts
     D:7: 1354 daAuts
